Map: Para Site LE

Players

Homunculus - Winner!

  • Race: Protoss Protoss
  • League: Bronze
  • Spawn Location: 5:00

VOD

Have the link to the VOD?

Description

Time

  • Played on: Jan. 6, 2019, 3:28 p.m.
  • Length: 12:06
Show
View Real Time Build Order
Export as new Build Order

Homunculus Protoss - Winner!

Build Orders:  

Get SALT Encoding   

  12  0:03  Probe (Chrono Boost)  
  14  0:20  Probe (Chrono Boost)  
  14  0:26  Pylon  
  14  0:37  Probe (Chrono Boost)  
  15  0:48  Probe (Chrono Boost)  
  15  0:53  Gateway  
  16  1:00  Probe (Chrono Boost)  
  16  1:06  Assimilator  
  17  1:14  Probe (Chrono Boost)  
  19  1:31  Probe (Chrono Boost)  
  19  1:53  Nexus  
  19  1:59  Probe (Chrono Boost)  
  20  2:10  Cybernetics Core  
  20  2:16  Probe (Chrono Boost)  
  21  2:23  Assimilator  
  21  2:33  Probe (Chrono Boost)  
  21  2:34  Pylon  
  23  2:50  Probe (Chrono Boost)  
  23  3:07  Probe (Chrono Boost)  
  26  3:24  Probe (Chrono Boost), Sentry  
  26  3:26  Unknown  
  29  3:36  Probe (Chrono Boost)  
  31  3:41  Probe (Chrono Boost)  
  31  3:46  Robotics Facility  
  31  3:53  Probe (Chrono Boost)  
  31  3:58  Probe (Chrono Boost)  
  36  4:10  Probe (Chrono Boost)  
  36  4:13  Forge  
  36  4:15  Probe (Chrono Boost)  
  37  4:20  Pylon  
  37  4:27  Probe (Chrono Boost)  
  37  4:29  Unknown, Sentry  
  41  4:32  Probe (Chrono Boost)  
  41  4:42  Warp Gate, Observer  
  41  4:44  Probe (Chrono Boost)  
  41  4:49  Probe (Chrono Boost)  
  43  4:59  Protoss Ground Weapons Level 1  
  45  5:01  Probe (Chrono Boost)  
  45  5:05  Photon Cannon  
  45  5:06  Probe (Chrono Boost)  
  46  5:10  Photon Cannon  
  46  5:17  Probe (Chrono Boost)  
  47  5:22  Observer  
  47  5:23  Probe (Chrono Boost)  
  47  5:28  Assimilator  
  49  5:30  Assimilator  
  49  5:34  Probe (Chrono Boost)  
  51  5:40  Probe (Chrono Boost)  
  52  5:51  Probe (Chrono Boost), Pylon  
  52  5:57  Probe (Chrono Boost)  
  53  6:05  Immortal  
  53  6:08  Probe (Chrono Boost)  
  53  6:09  Pylon  
  54  6:18  Probe (Chrono Boost)  
  59  6:20  Gateway x2  
  59  6:24  Gateway  
  59  6:27  Gateway  
  59  6:49  Protoss Ground Weapons Level 2  
  59  6:50  Immortal  
  59  6:51  Twilight Council  
  59  6:55  Forge  
  63  7:10  Pylon  
  63  7:13  Pylon  
  63  7:24  Sentry  
  65  7:32  Nexus  
  65  7:36  Pylon  
  65  7:39  Protoss Ground Armor Level 1  
  65  7:56  Templar Archives  
  65  7:57  Immortal  
  65  8:08  Probe x2 (Chrono Boost)  
  71  8:25  Probe x2 (Chrono Boost)  
  73  8:37  Photon Cannon  
  73  8:40  Gateway  
  73  8:41  Gateway  
  73  8:42  Probe x2 (Chrono Boost)  
  73  8:46  Pylon  
  75  8:59  Probe x2 (Chrono Boost)  
  77  9:01  Immortal  
  77  9:06  Charge, High Templar  
  77  9:07  High Templar  
  85  9:15  Archon, Probe (Chrono Boost)  
  85  9:16  Probe x2 (Chrono Boost)  
  89  9:31  Probe (Chrono Boost)  
  89  9:33  Probe x2 (Chrono Boost)  
  89  9:37  High Templar  
  89  9:38  High Templar  
  95  9:48  Archon, Probe (Chrono Boost)  
  97  9:50  Probe (Chrono Boost), Zealot  
  97  9:52  Zealot x2  
  97  9:58  Pylon  
  103  10:01  Pylon  
  103  10:02  Pylon  
  103  10:07  High Templar x2  
  107  10:13  Archon  
  107  10:23  Zealot x5  
  121  10:30  Pylon  
  116  10:52  Zealot x6  
  116  10:55  Immortal  
  116  10:56  Zealot  
  134  11:14  Gateway x2  
  134  11:17  Pylon  
  134  11:26  Zealot x5  
  134  11:27  Zealot  
  146  11:43  Zealot  
  148  11:57  High Templar x2  
Tags
 
League
Bronze
Matchup
Co-op
Add a new tag
Caveats
  • Supply blocks, unpowered buildings, or Contaminate may cause inaccurate times.
  • Supply counts are checked every 10 seconds.